 Dungeon Crawl Stone Soup version 0.26.1-11-gd32895ea62 (webtiles) character file.

Game seed: 17612588238287677143

319 Almogavar the Chopper (level 6, -2/53 HPs)
             Began as a Hill Orc Fighter on June 22, 2021.
             Killed from afar by an orc wizard (10 damage)
             ... with a magic dart
             ... on level 4 of the Dungeon.
             The game lasted 00:06:40 (3228 turns).

Almogavar the Chopper (Hill Orc Fighter)            Turns: 3228, Time: 00:06:42

Health: -2/53      AC:  8    Str: 21    XL:     6   Next: 46%
Magic:  6/6        EV:  8    Int:  8    God:
Gold:   151        SH:  9    Dex: 10    Spells: 5/5 levels left

rFire    . . .     SeeInvis .   a - +0 war axe
rCold    + . .     Faith    .   c - +0 kite shield
rNeg     . . .     Spirit   .   b - +0 scale mail
rPois    .         Reflect  .   (no helmet)
rElec    .         Harm     .   (no cloak)
rCorr    .         Rampage  .   h - +0 pair of gloves
Will     .....                  (no boots)
Stlth    ..........             (no amulet)
HPRegen  0.17/turn              r - ring of protection from cold
MPRegen  0.10/turn              (no ring)

@: slowed, very slow
A: no striking features
a: no special abilities


You were on level 4 of the Dungeon.
You visited 1 branch of the dungeon, and saw 4 of its levels.

You collected 151 gold pieces.

Inventory:

Hand Weapons
 a - a +0 war axe (weapon)
Missiles
 k - 8 silver javelins
 n - 20 poisoned darts (quivered)
 v - 5 boomerangs
Armour
 b - a +0 scale mail (worn)
 c - a +0 kite shield (worn)
 h - a +0 pair of gloves (worn)
 w - a +0 chain mail
Jewellery
 r - a ring of protection from cold (left hand)
Scrolls
 e - 2 scrolls of teleportation
 f - a scroll of amnesia
 g - 2 scrolls of blinking {unknown}
 i - 2 scrolls of fog
 t - 3 scrolls of remove curse
Potions
 d - a potion of might
 j - a potion of haste {unknown}
 l - 2 potions of berserk rage {unknown}
 m - 2 potions of mutation {unknown}
 o - 4 potions of heal wounds {unknown}
 p - 2 potions of curing {unknown}
 q - a potion of cancellation {unknown}
 s - 2 potions of lignification {unknown}
 u - a potion of flight {unknown}


   Skills:
 + Level 4.6 Fighting
 + Level 5.6 Axes
 + Level 4.3 Armour
 + Level 1.6 Dodging
 + Level 4.4 Shields


You had 5 spell levels left.
You didn't know any spells.
Your spell library was empty.

Dungeon Overview and Level Annotations

Branches:
Dungeon (4/15)
 Temple: D:4-7

Altars:
Cheibriados
Elyvilon
Gozag
Nemelex Xobeh
Qazlal
Wu Jian
Xom


Message History

The gnoll hits you with a +0 flail!
* * * LOW HITPOINT WARNING * * *
You block the gnoll's attack. The gnoll hits you with a +0 flail.
* * * LOW HITPOINT WARNING * * *
You hit the orc wizard but do no damage.
The orc wizard is severely wounded.
You hit the gnoll. You slash the gnoll! You block the gnoll's attack.
The orc wizard mumbles some strange words.
The orc wizard seems to speed up.
The gnoll completely misses you. The gnoll hits you but does no damage.
The orc wizard mumbles some strange words.
The orc wizard blinks!
The gnoll hits you but does no damage.
You hit the gnoll but do no damage.
The gnoll is almost dead.
You hit the gnoll. The gnoll misses you. The gnoll hits you with a +0 flail.
* * * LOW HITPOINT WARNING * * *
You block the gnoll's attack.
The orc wizard gestures at you while chanting.
The magic dart hits you!
You die...

..... #...#
##...####
....... .....
...... #....
#...# # #....
#)..###.# #....
#@g.....##
#....##÷g.......
#....#.o).#####
##....#..#####
#.....)......#
..........###.#
.............
..#...##.##.#.#
# #... #.# .#


You could see an orc wizard (fast) and 2 gnolls.

Vanquished Creatures
  A bullfrog (D:2)
  A bullfrog zombie (D:3)
  An orc priest (D:4)
  An orc wizard (D:4)
  3 adders
  4 gnolls
  4 oozes
  2 worms (D:2)
  A leopard gecko (D:1)
  6 orcs
  9 bats
  3 giant cockroaches
  11 goblins
  2 hobgoblins (D:3)
  4 jackals (D:1)
  7 kobolds
  2 quokkas (D:2)
  3 frilled lizards
  5 rats
70 creatures vanquished.

Notes
Turn   | Place    | Note
-------+----------+-------------------------------------------
     0 | D:1      | Almogavar the Hill Orc Fighter began the quest for the Orb.
     0 | D:1      | Reached XP level 1. HP: 19/19 MP: 1/1
    71 | D:1      | Reached XP level 2. HP: 27/27 MP: 2/2
    89 | D:1      | Reached skill level 3 in Axes
   241 | D:1      | Reached XP level 3. HP: 33/33 MP: 3/3
   783 | D:2      | Found a sparkling altar of Nemelex Xobeh.
   797 | D:2      | Reached skill level 4 in Axes
   797 | D:2      | Reached XP level 4. HP: 34/40 MP: 4/4
   866 | D:2      | Found a white marble altar of Elyvilon.
   866 | D:2      | Found a snail-covered altar of Cheibriados.
  1287 | D:2      | Found an ornate altar of the Wu Jian Council.
  1537 | D:2      | Noticed a bullfrog
  1555 | D:2      | Killed a bullfrog
  1556 | D:2      | Reached XP level 5. HP: 26/47 MP: 5/5
  1743 | D:2      | You fall into a shaft and drop 1 floor!
  1910 | D:3      | Found an opulent altar of Gozag.
  1920 | D:3      | Reached skill level 5 in Axes
  2284 | D:3      | Found a shimmering altar of Xom.
  2284 | D:3      | Found a stormy altar of Qazlal.
  2421 | D:3      | Reached skill level 1 in Dodging
  2898 | D:4      | Reached XP level 6. HP: 39/53 MP: 6/6
  3228 | D:4      | Killed from afar by an orc wizard

Illustrated notes

Levels and vault maps discovered:
D:1:      wander_arrival_lonely_grave, layout_loops_cross
D:2:      layout_basic, pdpol_wu_jian_five_deadly_venoms, old_standard_altar,
          nicolae_overflow_hidden_temple
D:3:      layout_loops_ring, gammafunk_temple_overflow_elements,
          grunt_gozag_statues
D:4:      layout_basic, gup_sewer_entry_bubbles, minmay_vboxes

Skill      XL: |  1  2  3  4  5 |
---------------+----------------+-----
Axes           | 3 4 5 |  5.6
Fighting       | 4 |  4.6
Shields        | 4 |  4.4
Armour         | 4 |  4.3
Dodging        | 1 |  1.6

Action                   |  1- 3 |  4- 6 || total
-------------------------+-------+-------++-------
Melee: War axe           |    94 |   150 ||   244
  Use: Scroll            |     3 |     2 ||     5
Armor: Scale mail        |    50 |    65 ||   115
Dodge: Dodged            |    44 |    43 ||    87
Block: Kite shield       |    62 |    73 ||   135
